 Dungeon Crawl Stone Soup version 0.28.0-53-g5a82cb258f (webtiles) character file.

Game seed: 17666996321488414257

226 Gabide the Conjurer (level 5, -1/42 HPs)
             Began as a Demigod Conjurer on June 27, 2022.
             Slain by a wraith (13 damage)
             ... in an ossuary.
             The game lasted 00:05:46 (3932 turns).

Gabide the Conjurer (Demigod Conjurer)              Turns: 3932, Time: 00:05:47

Health: -1/42      AC:  2    Str:  8    XL:     5   Next: 41%
Magic:  7/11       EV: 12    Int: 24    God:
Gold:   123        SH:  0    Dex: 12    Spells: 6/9 levels left

rFire   . . .      SeeInvis .   a - +0 dagger (drain)
rCold   . . .      Faith    .   (no shield)
rNeg    . . .      Spirit   .   d - +0 robe
rPois   .          Reflect  .   (no helmet)
rElec   .          Harm     .   (no cloak)
rCorr   .          Rampage  .   (no gloves)
Will    .....                   (no boots)
Stlth   ++........              (no amulet)
HPRegen 0.14/turn               (no ring)
MPRegen 0.12/turn               (no ring)

@: mighty, slowed, very slow
A: high MP 1, forlorn, divine attributes
a: no special abilities


You were in an ossuary.
You visited 1 branch of the dungeon, and saw 4 of its levels.
You also visited: Ossuary.

You collected 123 gold pieces.

Inventory:

Hand Weapons
 a - a +0 dagger of draining (weapon)
Missiles
 b - a throwing net
Armour
 d - a +0 robe (worn)
Wands
 k - a wand of flame (25)
 o - a wand of paralysis (32)
 q - a wand of iceblast (9)
 s - a wand of digging (6)
Scrolls
 e - a scroll of enchant armour {unknown}
 f - a scroll of fog {unknown}
 h - a scroll of teleportation {unknown}
 j - a scroll of immolation {unknown}
 l - a scroll of amnesia
 n - 3 scrolls of fear
Potions
 c - a potion of attraction
 i - a potion of curing
 m - a potion of mutation {unknown}
 p - a potion of brilliance {unknown}


   Skills:
 + Level 2.7 Fighting
 + Level 2.7 Dodging
 - Level 1.7 Stealth
 + Level 2.5 Spellcasting
 * Level 4.7 Conjurations


You had 6 spell levels left.
You knew the following spells:

 Your Spells              Type           Power      Damage    Failure   Level
a - Magic Dart            Conj           100%       1d8       1%          1
b - Searing Ray           Conj           50%        2d6       2%          2

Your spell library contained the following spells:

 Spells                   Type           Power      Damage    Failure   Level
 Dazzling Flash           Conj/Hex       28%        N/A       13%         3
 Fulminant Prism          Conj/Hex       7%         3d7       41%         4
 Iskenderun's Mystic Bla  Conj/Tloc      14%        2d5       41%         4


Dungeon Overview and Level Annotations

Branches:
Dungeon (4/15)            Ossuary (1/1)
 Temple: D:4-7

Annotations:
D:2 exclusion: door, Sigmund


Innate Abilities, Weirdness & Mutations

You have an increased reservoir of magic. (+10% MP)
You shall have no god before yourself.
Your divine heritage dramatically boosts your attributes as you level up.


Message History

As you read the scroll of identify, it crumbles to dust.
n - 3 scrolls of fear The flying skull gives a hideous shriek!
You open the door.
A wraith comes into view.
Press: ? - help, v - describe, . - travel
Here: a wraith An open door.
Okay, then.
Unknown command.
Okay, then.
Casting: Magic Dart (safe; 1% risk of failure)
Confirm with . or Enter, or press ? or * to list all spells.
Aiming: Searing Ray (safe; 2% risk of failure)
Press: ? - help, Shift-Dir - straight line, f - wraith
Aim: a wraith (79% to hit)
The searing ray hits the wraith but does no damage. (Press . to maintain the ray.)
The searing ray hits the wraith.
The wraith is lightly damaged.
The wraith hits you. The wraith drains your vigour!
You feel yourself slow down.
The searing ray hits the wraith.
The wraith is lightly damaged.
The wraith hits you but does no damage. The wraith hits you!
Okay, then.
As you read the scroll labelled JUFYIBLITISH, it crumbles to dust.
It is a scroll of amnesia.
Really abort (and waste the scroll)?
Okay, then.
The wraith hits you! The wraith drains your vigour!
You feel as though you will be slow longer.
It was a potion of might.
You feel very mighty all of a sudden. The wraith hits you.
* * * LOW HITPOINT WARNING * * *
The wraith drains your vigour!
You feel as though you will be slow longer.
The wraith hits you!
You die...

#################
#@..............#
#.W##..###..##+.#
#.#.#..# #..# #.#
#.###..###..###.#
#...............#
#.###.......###.##
#.#z#.......# #.'.
#.# #.......###.##
#...............#


You could see a wraith.

Vanquished Creatures
  An elf skeleton (D:4)
  Jessica (D:3)
  2 human skeletons (D:4)
  2 adders (D:4)
  An adder zombie (Ossuary)
  A dart slug (D:3)
  2 ball pythons
  6 endoplasms
  6 giant cockroaches
  4 goblins
  6 hobgoblins
  8 kobolds
  6 quokkas
  2 ball python skeletons (Ossuary)
  6 bats
  4 frilled lizards
  2 hobgoblin skeletons (Ossuary)
  2 hobgoblin zombies (Ossuary)
  A kobold zombie (Ossuary)
  4 orc skeletons
  3 orc zombies
  3 rats
73 creatures vanquished.

Notes
Turn   | Place    | Note
-------+----------+-------------------------------------------
     0 | D:1      | Gabide the Demigod Conjurer began the quest for the Orb.
     0 | D:1      | Reached XP level 1. HP: 14/14 MP: 5/5
   160 | D:1      | Reached skill level 1 in Fighting
   332 | D:1      | Reached XP level 2. HP: 23/23 MP: 5/7
  1159 | D:2      | You fall into a shaft and drop 1 floor!
  1387 | D:2      | Reached XP level 3. HP: 29/29 MP: 6/8
  1390 | D:2      | Learned a level 2 spell: Searing Ray
  1537 | D:2      | Noticed Sigmund
  2359 | D:3      | Noticed Jessica
  2365 | D:3      | Killed Jessica
  2366 | D:3      | Reached skill level 4 in Conjurations
  2757 | D:3      | Reached XP level 4. HP: 36/36 MP: 5/10
  3406 | D:4      | Reached XP level 5. HP: 36/42 MP: 2/11
  3458 | D:4      | Found a sand-covered staircase.
  3463 | Ossuary  | Entered an ossuary
  3884 | Ossuary  | Noticed a wraith
  3884 | Ossuary  | Noticed a flying skull
  3919 | Ossuary  | Noticed a flying skull
  3927 | Ossuary  | Noticed a wraith
  3932 | Ossuary  | Slain by a wraith

Illustrated notes

Levels and vault maps discovered:
D:1:      lightli_arrival_maybe_door_vault, layout_rooms,
          roderic_serpentine_path
D:2:      layout_loops_corners, chequers_ecumenical_altar_island, uniq_sigmund
D:3:      layout_basic, uniq_jessica
D:4:      layout_rooms, serial_shops, shop, nicolae_ossuary_entry_catacombs,
          corexii_item_surrounded_by_moat
Ossuary:  ossuary_due_cavern

Skill      XL: |  1  2  3 |
---------------+----------+-----
Fighting       | 1 2 |  2.7
Dodging        | 2 |  2.7
Spellcasting   | 2 |  2.5
Conjurations   | 4 |  4.7
Stealth        | |  1.7

Action                   |  1- 3 |  4- 6 || total
-------------------------+-------+-------++-------
Melee: Dagger            |       |    17 ||    17
 Cast: Magic Dart        |    96 |    49 ||   145
       Searing Ray       |     1 |     8 ||     9
  Use: Scroll            |     3 |     4 ||     7
       Potion            |       |     4 ||     4
Armor: Robe              |     2 |     8 ||    10
Dodge: Dodged            |     6 |    21 ||    27
